 Dungeon Crawl Stone Soup version 0.30-a0-913-g9934a0ce24 (webtiles) character file.

Game seed: 12613811173238305778

21882 cheesebisquit the Severer (level 12, -18/110 HPs)
             Began as a Minotaur Berserker on Mar 19, 2023.
             Was a Priest of Trog.
             Demolished by a skeletal warrior
             ... wielding a +0 flail
              (22 damage)
             ... on level 13 of the Dungeon.
             The game lasted 00:43:44 (11526 turns).

cheesebisquit the Severer (Minotaur Berserker)     Turns: 11526, Time: 00:43:44

Health: -18/110    AC: 10    Str: 26    XL:     12   Next: 58%
Magic:  11/11      EV: 12    Int:  4    God:    Trog [***...]
Gold:   1007       SH: 10    Dex: 11    Spells: 11/11 levels left

rFire   . . .      SeeInvis .    a - +7 hand axe "Ysiaviuth" {flame, rN+ Stlth+}
rCold   . . .      Faith    .    I - +0 kite shield
rNeg    + . .      Spirit   .    y - +3 crystal plate armour
rPois   .          Reflect  .    (helmet restricted)
rElec   .          Rampage  .    b - +1 cloak
rCorr   .                        n - +2 pair of gloves {hurl}
Will    ++...                    (no boots) Stlth
                                 H - amulet of regeneration
HPRegen 2.18/turn                J - +5 ring of evasion
MPRegen 0.12/turn                (no ring)

@: strong-willed (expiring), corroded, on berserk cooldown, regenerating
(expiring), hasted, very quick
A: horns 2, retaliatory headbutt
a: Renounce Religion, Berserk, Trog's Hand


You were on level 13 of the Dungeon.
You worshipped Trog.
Trog was most pleased with you.
You visited 1 branch of the dungeon, and saw 13 of its levels.
You also visited: Sewer and Bailey.

You collected 1105 gold pieces.
You spent 98 gold pieces at shops.

Inventory:

Hand Weapons
 a - the +7 hand axe "Ysiaviuth" (weapon) {flame, rN+ Stlth+}
   (You found it on level 2 of the Dungeon)

   rN:        It protects you from negative energy.
   Stlth:     It makes you more stealthy.
 c - a +0 war axe of draining
 S - the +5 morningstar of Uncertain Death {flame, *Rage Int+5}
   (You found it on level 12 of the Dungeon)

   Int:       It affects your intelligence (+5).
   *Rage:     It berserks you when you make melee attacks (+20% chance).
Missiles
 e - 23 poisoned darts (quivered)
 s - 4 throwing nets
 v - 2 curare-tipped darts
 P - 7 javelins
Armour
 b - a +1 cloak (worn)
 n - a +2 pair of gloves of hurling (worn)
 y - a +3 crystal plate armour (worn)
 I - a +0 kite shield (worn)
Jewellery
 H - an amulet of regeneration (around neck)
 J - a +5 ring of evasion (left hand)
Wands
 p - a wand of flame (61)
 r - a wand of quicksilver (5)
 u - a wand of roots (13)
 K - a wand of paralysis (11)
 M - a wand of mindburst (8)
Scrolls
 d - 5 scrolls of poison
 f - 2 scrolls of fear
 i - 2 scrolls of summoning
 j - 2 scrolls of magic mapping
 k - 2 scrolls of amnesia {unknown}
 o - 3 scrolls of brand weapon
 q - a scroll of vulnerability {unknown}
 w - 5 scrolls of teleportation
 x - a scroll of fog {unknown}
 L - a scroll of blinking {unknown}
 N - 2 scrolls of immolation {unknown}
 O - 3 scrolls of identify
 Q - a scroll of silence {unknown}
 R - a scroll of torment {unknown}
Potions
 g - 8 potions of curing
 l - a potion of attraction
 m - 5 potions of cancellation
 t - 3 potions of berserk rage {unknown}
 A - a potion of might
 B - a potion of haste
 C - a potion of brilliance
 D - 4 potions of lignification
 E - a potion of magic
 F - 3 potions of mutation {unknown}
 G - 3 potions of flight


   Skills:
 + Level 11.4 Fighting
 * Level 15.5 Axes
 + Level 11.2 Armour
 + Level 10.2 Dodging
 + Level 7.7 Shields


You had 11 spell levels left.
You didn't know any spells.
Your spell library was empty.

Dungeon Overview and Level Annotations

Branches:
Dungeon (13/15)            Temple (0/1) D:5            Lair (0/5) D:8
    Orc (0/2) D:9           Sewer (visited)          Bailey (visited)
 Vaults: D:13-14

Altars:
Ashenzari
Cheibriados
Dithmenos
Hepliaklqana
Makhleb
Nemelex Xobeh
Okawaru
Qazlal
Trog
Uskayaw
Vehumet
Wu Jian
Yredelemnul
Zin
The Shining One

Shops:
D:5 =*   D:7 (


Innate Abilities, Weirdness & Mutations

You have a pair of horns on your head.
You reflexively headbutt those who attack you in melee.


Message History

The skeletal warrior hits you with a +0 flail!!
* * * LOW HITPOINT WARNING * * *
The skeletal warrior hits you but does no damage.
The seven-headed hydra roars!
You hit the skeletal warrior but do no damage.
The skeletal warrior is moderately damaged.
You feel the effects of Trog's Hand fading.
You hear an angry buzzing noise.
The skeletal warrior hits you but does no damage.
You hit the skeletal warrior but do no damage.
The skeletal warrior is moderately damaged.
You block the skeletal warrior's attack.
You hit the skeletal warrior but do no damage.
The skeletal warrior is moderately damaged.
The skeletal warrior hits you with a +0 flail.
You barely miss the skeletal warrior.
The skeletal warrior is moderately damaged.
The skeletal warrior barely misses you.
You hit the skeletal warrior but do no damage.
The skeletal warrior is moderately damaged.
The skeletal warrior hits you with a +0 flail!
* * * LOW HITPOINT WARNING * * *
Okay, then.
You feel yourself speed up.
You feel yourself speed up.
You block the seven-headed hydra's attack.
The seven-headed hydra bites you!
* * * LOW HITPOINT WARNING * * *
The seven-headed hydra closely misses you.
You block the seven-headed hydra's attack.
The seven-headed hydra bites you!
* * * LOW HITPOINT WARNING * * *
The seven-headed hydra closely misses you.
The seven-headed hydra bites you!
* * * LOW HITPOINT WARNING * * *
The skeletal warrior closely misses you.
You furiously retaliate!
You headbutt the skeletal warrior, but do no damage.
The skeletal warrior hits you with a +0 flail!!
You die...

...... ... .###..... ...
.... #.. #..# #... ##
#..#### #..# ####...
#$.#..#.[# .#..#.
#..#... #...!.... .z....
#.....#
#.....D###......###...##
##).@z...###.......##
#.).......#..........
#..#...#..#$.#.......
####...#######..#....
#..#...#..#..#..#....
#.........#....)#....
###.......###....#....
.......#.........##....
...............##.......


You could see a seven-headed hydra and a skeletal warrior.

Vanquished Creatures
  A hydra (D:13)
  A catoblepas (D:13)
  Erica (D:10)
  A death knight (D:13)
  Urug (D:10)
  A deep elf pyromancer (D:12)
  A deep elf zephyrmancer (Bailey)
  An ugly thing (D:13)
  An orc knight (Bailey)
  2 cyclopes
  3 manticores
  2 kobold demonologists
  2 gargoyles
  An unseen horror (D:6)
  A komodo dragon (D:13)
  An efreet (D:13)
  3 trolls
  Grinder (Sewer)
  A hornet (D:10)
  2 slime creatures (D:13)
  A spriggan (shapeshifter) (D:13)
  A wyvern (D:7)
  Sigmund (D:5)
  A vampire (D:5)
  23 yaks
  A basilisk (D:13)
  A steam dragon (D:9)
  4 vampire mosquitoes
  A warg (D:9)
  4 acid dragons
  2 water moccasins (D:8)
  8 orc warriors
  2 sky beasts
  2 black bears
  3 ogres
  6 centaurs
  A phantom (Sewer)
  3 kobold brigands
  5 bullfrogs
  2 gnoll sergeants (D:6)
  6 scorpions
  15 wights
  3 killer bees (D:8)
  4 howler monkeys
  4 orc priests
  2 gnoll boudas
  10 hounds
  A sleepcap (D:5)
  An iguana (D:6)
  11 orc wizards
  15 gnolls
  5 adders
  2 shadow imps (Sewer)
  3 white imps
  10 ufetubi (Sewer)
  An adder zombie (Sewer)
  4 worms
  4 dart slugs
  29 orcs
  8 bats
  5 endoplasms
  A giant cockroach (D:5)
  22 goblins
  17 hobgoblins
  7 jackals
  31 kobolds
  8 ball pythons
  4 frilled lizards
  A giant cockroach zombie (Sewer)
  A kobold zombie (Sewer)
  8 rats
343 creatures vanquished.

Vanquished Creatures (collateral kills)
  A boulder beetle (D:11)
  A cyclops (D:12)
  2 orc warriors (D:9)
  Blork the orc (D:6)
  A scorpion (D:6)
  2 howler monkeys (D:9)
  2 orc priests (D:9)
  A gnoll bouda (D:6)
  A hound (D:6)
  2 orc wizards
  3 orcs
  2 hobgoblins (D:6)
  A kobold (D:6)
20 creatures vanquished.

Vanquished Creatures (others)
  An orc wizard (D:9)
  8 fungi (D:8)
  9 plants
18 creatures vanquished.

Grand Total: 381 creatures vanquished

Notes
Turn   | Place    | Note
-------+----------+-------------------------------------------
     0 | D:1      | cheesebisquit the Minotaur Berserker began the quest for
                  | the Orb.
     0 | D:1      | Reached XP level 1. HP: 19/19 MP: 0/0
   192 | D:1      | Reached XP level 2. HP: 23/27 MP: 1/1
   194 | D:1      | Reached skill level 4 in Axes
   457 | D:1      | Reached ** piety under Trog
   489 | D:1      | Reached XP level 3. HP: 33/33 MP: 2/2
   745 | D:2      | Identified the +7 hand axe "Ysiaviuth" {flame, rN+ Stlth+}
  1086 | D:2      | Reached XP level 4. HP: 30/40 MP: 3/3
  2418 | D:3      | Noticed an ogre
  2424 | D:3      | Reached skill level 5 in Axes
  2432 | D:3      | Killed an ogre
  2433 | D:3      | Reached XP level 5. HP: 21/47 MP: 4/4
  2806 | D:3      | Reached *** piety under Trog
  3022 | D:3      | Found a faded altar of an unknown god.
  3246 | D:4      | Reached XP level 6. HP: 55/55 MP: 5/5
  3422 | D:4      | Reached skill level 5 in Fighting
  3422 | D:4      | Reached skill level 6 in Axes
  4057 | D:5      | Entered Level 5 of the Dungeon
  4057 | D:5      | Found Xatin's Jewellery Boutique.
  4145 | D:5      | Found a staircase to the Ecumenical Temple.
  4146 | D:5      | Noticed Sigmund
  4151 | D:5      | Killed Sigmund
  4152 | D:5      | Reached skill level 7 in Axes
  4152 | D:5      | Reached XP level 7. HP: 61/61 MP: 6/6
  4170 | D:5      | Reached skill level 5 in Armour
  4226 | D:5      | Found a stormy altar of Qazlal.
  4226 | D:5      | Noticed a water elemental
  4227 | D:5      | Noticed a fire elemental
  4227 | D:5      | Noticed an air elemental
  4240 | D:5      | Found Hyibrif's General Store.
  4459 | D:5      | Reached XP level 8. HP: 70/70 MP: 7/7
  4482 | D:5      | Reached skill level 8 in Axes
  4482 | D:5      | Reached skill level 5 in Dodging
  4540 | D:5      | Found a glowing drain.
  4557 | Sewer    | Entered a sewer
  4657 | Sewer    | Reached **** piety under Trog
  4659 | Sewer    | Found an ancient bone altar of Kikubaaqudgha.
  4660 | Sewer    | Noticed Grinder
  4678 | Sewer    | Killed Grinder
  4680 | Sewer    | Reached skill level 9 in Axes
  5080 | D:5      | Bought a potion of lignification for 42 gold pieces
  5080 | D:5      | Bought a potion of curing for 42 gold pieces
  5080 | D:5      | Bought a scroll of noise for 14 gold pieces
  5551 | D:6      | Reached XP level 9. HP: 75/79 MP: 8/8
  5594 | D:6      | Identified the +0 leather armour of Abstinence {rC++ rCorr}
  5663 | D:6      | Killed an unseen horror
  5664 | D:6      | Reached skill level 10 in Axes
  5869 | D:6      | Found a shadowy altar of Dithmenos.
  6375 | D:6      | Noticed Blork the orc
  6492 | D:6      | Reached skill level 11 in Axes
  6504 | D:6      | Killed Blork the orc
  6834 | D:7      | Noticed a troll
  6842 | D:7      | Killed a troll
  6994 | D:7      | Reached skill level 1 in Shields
  6994 | D:7      | Reached XP level 10. HP: 90/90 MP: 9/9
  7008 | D:7      | Found a flagged portal.
  7026 | Bailey   | Entered a bailey
  7147 | Bailey   | Found a large runed translucent door.
  7147 | Bailey   | Found a large runed translucent door.
  7148 | Bailey   | Noticed a deep elf zephyrmancer
  7166 | Bailey   | Noticed an orc knight
  7184 | Bailey   | Killed an orc knight
  7363 | Bailey   | Killed a deep elf zephyrmancer
  7364 | Bailey   | Reached skill level 12 in Axes
  7371 | Bailey   | Identified the staff of fire "Viucalod" {rF+ Will++ Int+2}
  7565 | D:7      | Found Aggujep's Weapon Emporium.
  8112 | D:8      | Reached ***** piety under Trog
  8617 | D:8      | Found a staircase to the Lair.
  8730 | D:9      | Found a staircase to the Orcish Mines.
  8838 | D:9      | Reached XP level 11. HP: 96/97 MP: 10/10
  8840 | D:9      | Reached skill level 13 in Axes
  9098 | D:9      | Found a glowing silver altar of Zin.
  9294 | D:10     | Entered Level 10 of the Dungeon
  9294 | D:10     | Found an ornate altar of the Wu Jian Council.
  9294 | D:10     | Found a burning altar of Makhleb.
  9294 | D:10     | Found an iron altar of Okawaru.
  9323 | D:10     | Found a broken altar of Ashenzari.
  9327 | D:10     | Found a snail-covered altar of Cheibriados.
  9332 | D:10     | Found a sparkling altar of Nemelex Xobeh.
  9334 | D:10     | Found a hazy altar of Hepliaklqana.
  9334 | D:10     | Found a basalt altar of Yredelemnul.
  9336 | D:10     | Found a radiant altar of Vehumet.
  9340 | D:10     | Found a glowing golden altar of the Shining One.
  9341 | D:10     | Found a bloodstained altar of Trog.
  9518 | D:10     | Reached skill level 5 in Shields
  9523 | D:10     | Reached skill level 10 in Fighting
  9586 | D:10     | Noticed Erica
  9597 | D:10     | Killed Erica
  9684 | D:10     | Reached skill level 10 in Armour
  9688 | D:10     | Noticed Urug
  9707 | D:10     | Killed Urug
  9708 | D:10     | Reached skill level 14 in Axes
  9812 | D:10     | Found a hide-covered altar of Uskayaw.
  9990 | D:11     | Noticed a boulder beetle
 10008 | D:11     | Killed a boulder beetle
 10433 | D:12     | Noticed a deep elf pyromancer
 10443 | D:12     | Killed a deep elf pyromancer
 10444 | D:12     | Reached XP level 12. HP: 108/108 MP: 11/11
 10831 | D:12     | Identified the +5 morningstar of Uncertain Death {flame,
                  | *Rage Int+5}
 11186 | D:13     | Noticed a catoblepas
 11204 | D:13     | Killed a catoblepas
 11230 | D:13     | Noticed a six-headed hydra
 11236 | D:13     | Killed a two-headed hydra
 11237 | D:13     | Reached skill level 15 in Axes
 11251 | D:13     | Found a snail-covered altar of Cheibriados.
 11251 | D:13     | Noticed a death knight
 11272 | D:13     | HP: 3/110 [red ugly thing (21)]
 11279 | D:13     | Killed a death knight
 11280 | D:13     | Reached skill level 10 in Dodging
 11286 | D:13     | Noticed a two-headed ogre
 11520 | D:13     | Noticed a seven-headed hydra
 11526 | D:13     | HP: 4/110 [seven-headed hydra (12)]
 11526 | D:13     | Demolished by a skeletal warrior

Illustrated notes

Levels and vault maps discovered:
D:1:      grunt_arrival_crossed_arrows, layout_rooms, minmay_misc_feat_tower
D:2:      kennysheep_big_flooded_room, layout_loops_corners
D:3:      layout_basic, chequers_ecumenical_altar_island, minmay_ogre_servants
D:4:      layout_cave_pods
D:5:      layout_basic, nicolae_qazlal_style_of_elements,
          minmay_temple_entry_ruins, serial_corexii_hall,
          corexii_hall_statues_x, corexii_hall_statues_x,
          corexii_hall_statues_x, serial_shops, nicolae_shop_hallway_stairs,
          portal_sewer_entry_a, serial_bayou_pond_c, kennysheep_windowed_goal,
          uniq_sigmund
D:6:      kennysheep_housing_project, layout_basic, mainiacjoe_overflow_paths,
          uniq_blork_the_orc
D:7:      layout_loops_ring, serial_shops, shop, enter_bailey_5
D:8:      layout_basic, grunt_lair_entry_orc_guard_hut
D:9:      layout_gridville, kennysheep_mini_moat, erik_orc_3
D:10:     layout_rooms, lemuel_tele_altar, nicolae_overflow_hallway_of_the_gods,
          uniq_urug, uniq_erica
D:11:     layout_rooms, bh_walls_and_bars
D:12:     layout_long_grid, nicolae_eternal_life
D:13:     hangedman_cross_cluster, layout_basic, grunt_ministairs_4

Skill      XL: |  1  2  3  4  5  6  7  8  9 10 11 12 |
---------------+-------------------------------------+-----
Axes           | 4 5 7 9 11 12 14 15 | 15.5
Fighting       | 4 5 6 7 8 9 10 11 | 11.4
Armour         | 3 4 5 6 8 9 10 11 | 11.2
Dodging        | 3 4 6 7 8 9 10 | 10.2
Shields        | 1 4 6 7 |  7.7

Action                     |  1- 3 |  4- 6 |  7- 9 | 10-12 || total
---------------------------+-------+-------+-------+-------++-------
  Melee: Hand axe          |    73 |    84 |   205 |   442 ||   804
         Headbutt          |     6 |    10 |    29 |    95 ||   140
         Punch             |       |       |     1 |       ||     1
  Throw: Dart              |       |     2 |    40 |    34 ||    76
         Boomerang         |       |       |     2 |       ||     2
         Throwing net      |       |       |     1 |       ||     1
 Invoke: Trog's Hand       |       |     2 |     2 |    14 ||    18
         Berserk           |       |     1 |     2 |     6 ||     9
         Brothers in Arms  |       |       |     2 |     8 ||    10
  Evoke: Wand              |       |       |       |     2 ||     2
    Use: Potion            |       |     2 |     4 |     7 ||    13
         Scroll            |       |     5 |     7 |     7 ||    19
   Stab: Distracted        |       |       |       |     2 ||     2
 Armour: Ring mail         |    29 |    13 |       |       ||    42
         Animal skin       |     1 |       |       |       ||     1
         Plate armour      |       |    27 |   177 |    12 ||   216
         Crystal plate arm |       |       |       |   184 ||   184
  Dodge: Dodged            |    57 |    35 |    72 |   157 ||   321
  Block: Kite shield       |       |       |     3 |   186 ||   189

Table legend: (Time is in decaauts)
 A = Elapsed time spent in this place.
 B = Non-inter-level travel time spent in this place.
 C = Inter-level travel time spent in this place.
 D = Time resting spent in this place.
 E = Time spent auto-exploring this place.
 F = Levels seen in this place.
 G = Mean time per level.
                   A        B        C        D        E       F      G
               +--------+--------+--------+--------+--------+-----+--------+
         Total |  11508 |  11011 |    497 |     41 |   8807 |  15 |  767.2 |
       Dungeon |  10730 |  10233 |    497 |     41 |   8313 |  13 |  825.4 |
         Sewer |    374 |    374 |      0 |      0 |    241 |   1 |  374.0 |
        Bailey |    403 |    403 |      0 |      0 |    252 |   1 |  403.0 |
               +--------+--------+--------+--------+--------+-----+--------+

Top non-repeatable levels by time:
     D:2: 1839 daAuts
     D:6: 1320 daAuts
     D:5: 1105 daAuts
     D:4: 871 daAuts
    D:12: 833 daAuts
     D:3: 810 daAuts
     D:7: 736 daAuts
     D:8: 729 daAuts
    D:10: 611 daAuts
     D:9: 585 daAuts
     D:1: 546 daAuts
    D:11: 487 daAuts
  Bailey: 403 daAuts
   Sewer: 374 daAuts
    D:13: 251 daAuts
